 Dungeon Crawl Stone Soup version 0.29-a0-322-g68df515428 (webtiles) character file.

Game seed: 3983130574660345063

1421 jimbutter the Cleaver (level 8, -2/109 HPs)
             Began as a Minotaur Berserker on Apr 5, 2022.
             Was a Priest of Trog.
             Slain by a water moccasin (6 damage)
             ... on level 5 of the Dungeon on Apr 6, 2022.
             The game lasted 00:17:21 (5552 turns).

jimbutter the Cleaver (Minotaur Berserker)          Turns: 5552, Time: 00:17:22

Health: -2/109     AC:  9    Str: 23    XL:     8   Next: 44%
Magic:  7/7        EV: 11    Int:  4    God:    Trog [***...]
Gold:   312        SH:  5    Dex: 11    Spells: 7/7 levels left

rFire   . . .      SeeInvis .   a - +0 war axe
rCold   . . .      Faith    .   (no shield)
rNeg    . . .      Spirit   .   m - +0 ring mail
rPois   .          Reflect  +   (helmet restricted)
rElec   .          Harm     .   f - +0 cloak
rCorr   .          Rampage  .   (no gloves)
Will    .....                   k - +0 pair of boots
Stlth   ..........              u - amulet of reflection
HPRegen 0.28/turn               (no ring)
MPRegen 0.10/turn               (no ring)

@: berserking, lethally poisoned (-2 -> -7), very quick
A: horns 2, retaliatory headbutt
a: Renounce Religion, Berserk, Trog's Hand


You were on level 5 of the Dungeon.
You worshipped Trog.
Trog was most pleased with you.
You visited 1 branch of the dungeon, and saw 6 of its levels.

You collected 312 gold pieces.

Inventory:

Hand Weapons
 a - a +0 war axe (weapon)
 b - a +0 hunting sling
Missiles
 c - 153 stones (quivered)
 e - a throwing net
Armour
 f - a +0 cloak (worn)
 k - a +0 pair of boots (worn)
 m - a +0 ring mail (worn)
Jewellery
 r - a ring of ice
 u - an amulet of reflection (around neck)
Wands
 t - a wand of paralysis (4)
Scrolls
 d - 2 scrolls of blinking {unknown}
 g - a scroll of vulnerability {unknown}
 i - 2 scrolls of fear {unknown}
 p - 2 scrolls of immolation {unknown}
 q - 2 scrolls of magic mapping {unknown}
 v - a scroll of amnesia {unknown}
Potions
 h - 3 potions of curing {unknown}
 j - a potion of flight {unknown}
 l - a potion of invisibility {unknown}
 n - a potion of resistance {unknown}
 o - 2 potions of attraction {unknown}
 s - a potion of might {unknown}
 w - a potion of ambrosia {unknown}


   Skills:
 + Level 7.2 Fighting
 * Level 9.3 Axes
 + Level 6.7 Armour
 - Level 3.0 Dodging


You had 7 spell levels left.
You didn't know any spells.
Your spell library was empty.

Dungeon Overview and Level Annotations

Branches:
Dungeon (6/15)
 Temple: D:4-7

Altars:
Cheibriados
Makhleb
Sif Muna


Innate Abilities, Weirdness & Mutations

You have a pair of horns on your head.
You reflexively headbutt those who attack you in melee.


Message History

The water moccasin bites you but does no damage.
The water moccasin attacks as you move away!
The water moccasin bites you.
You are poisoned.
The water moccasin poisons you!
A scorpion comes into view.
You feel very sick.
The scorpion moves out of view.
You feel very sick.
The water moccasin bites you but does no damage.
You feel sick. The water moccasin bites you.
You are more poisoned.
The water moccasin poisons you!
There is a stone staircase leading up, spattered with blood here.
You feel very sick. You block the water moccasin's attack.
The steam dragon breathes steam at you. The ball of steam hits you!!
* * * LOW HITPOINT WARNING * * *
The water moccasin bites you but does no damage.
You climb upwards.
* * * LOW HITPOINT WARNING * * *
You feel very sick.
There is a stone staircase leading down here.
A red film seems to cover your vision as you go berserk!
You feel yourself moving faster!
You feel mighty!
The sentinel's mark upon you fades away.
* * * LOW HITPOINT WARNING * * *
You feel sick. The water moccasin barely misses you.
You slash the water moccasin!
Your headbutt misses the water moccasin.
The water moccasin is moderately wounded.
* * * LOW HITPOINT WARNING * * *
You feel sick.
The water moccasin bites you but does no damage.
You closely miss the water moccasin.
The water moccasin is moderately wounded.
* * * LOW HITPOINT WARNING * * *
You feel sick. The water moccasin bites you.
You die...

[...# ##.)...#...#:#####
....###......#._.#:#
.....#.......#...#:#########
)............#...####......#
.............########......#
................##.........#
...........................#
.............####S.......>.#
.............# #@..........#
.............###.#.........#
#................###########
###................#
#.............#....#
##...........##....#
.###..######.##....# .#
##..#####.......###
.#####..#.....#^.....##


You could see a water moccasin.

Vanquished Creatures
  Sigmund (D:4)
  A water moccasin (D:4)
  2 sky beasts (D:5)
  2 black bears (D:5)
  An ogre (D:5)
  A necrophage (D:6)
  A scorpion (D:5)
  2 howler monkeys
  A jelly (D:4)
  4 hounds (D:5)
  4 iguanas
  A gnoll shaman (D:4)
  5 gnolls (D:4)
  8 adders
  2 white imps
  An ufetubus (D:2)
  2 worms
  A dart slug (D:4)
  9 orcs
  A bat (D:1)
  8 endoplasms
  5 giant cockroaches
  11 goblins
  5 hobgoblins
  8 jackals (D:3)
  2 quokkas
  3 ball pythons
  3 frilled lizards
  8 kobolds
  4 rats
107 creatures vanquished.

Notes
Turn   | Place    | Note
-------+----------+-------------------------------------------
     0 | D:1      | jimbutter the Minotaur Berserker began the quest for the
                  | Orb.
     0 | D:1      | Reached XP level 1. HP: 19/19 MP: 0/0
   260 | D:1      | Reached XP level 2. HP: 27/27 MP: 1/1
   451 | D:1      | Found a faded altar of an unknown god.
   662 | D:2      | Reached skill level 4 in Axes
   668 | D:2      | Reached XP level 3. HP: 24/33 MP: 2/2
  1442 | D:2      | Reached ** piety under Trog
  1666 | D:2      | Found a snail-covered altar of Cheibriados.
  1674 | D:2      | Reached XP level 4. HP: 41/41 MP: 3/3
  3197 | D:4      | Noticed Sigmund
  3444 | D:4      | Killed Sigmund
  3445 | D:4      | Reached skill level 5 in Fighting
  3445 | D:4      | Reached skill level 5 in Axes
  3445 | D:4      | Reached XP level 5. HP: 48/48 MP: 4/4
  3445 | D:4      | Reached XP level 6. HP: 56/56 MP: 5/5
  3489 | D:4      | Found a burning altar of Makhleb.
  3496 | D:4      | Identified the +10 whip of Skirmishing {protect, *Slow
                  | Str+7}
  3533 | D:4      | Noticed a water moccasin
  3541 | D:4      | Killed a water moccasin
  3542 | D:4      | Reached skill level 6 in Axes
  3792 | D:4      | Reached skill level 5 in Armour
  3795 | D:4      | Reached XP level 7. HP: 26/62 MP: 6/6
  4029 | D:4      | Reached *** piety under Trog
  4110 | D:4      | Reached skill level 7 in Axes
  4539 | D:5      | Entered Level 5 of the Dungeon
  4742 | D:5      | Reached skill level 8 in Axes
  4778 | D:5      | Reached XP level 8. HP: 56/71 MP: 7/7
  5248 | D:5      | Reached skill level 9 in Axes
  5413 | D:5      | Found a shimmering blue altar of Sif Muna.
  5551 | D:5      | HP: 5/109 [poisoned by a water moccasin]
  5552 | D:5      | Slain by a water moccasin

Illustrated notes

Levels and vault maps discovered:
D:1:      minmay_arrival_open_corners, layout_basic,
          hellmonk_ecumenical_altar_run_dry
D:2:      layout_basic, basic_altar, minmay_fractal_squares_5
D:3:      layout_loops_corners
D:4:      layout_rooms, bloody_makhleb, amcnicky_mini_rare_corridor_liquid,
          minmay_starry_boxes, uniq_sigmund
D:5:      layout_rooms, nicolae_sif_muna_little_library, minmay_puff
D:6:      layout_basic, mainiacjoe_overflow_catch_the_wave, uniq_maggie,
          uniq_crazy_yiuf_cottage

Skill      XL: |  1  2  3  4  5  6  7  8 |
---------------+-------------------------+-----
Fighting       | 4 5 6 7 |  7.2
Axes           | 4 5 6 8 9 |  9.3
Armour         | 3 4 5 6 |  6.7
Dodging        | 3 |  3.0

Action                   |  1- 3 |  4- 6 |  7- 9 || total
-------------------------+-------+-------+-------++-------
Melee: Hand axe          |    65 |       |       ||    65
       Headbutt          |     7 |    19 |    12 ||    38
       War axe           |     4 |    91 |    93 ||   188
 Fire: Hunting sling     |       |       |     2 ||     2
Invok: Berserk           |     1 |     3 |     2 ||     6
Armor: Animal skin       |     3 |       |       ||     3
       Leather armour    |     6 |       |       ||     6
       Ring mail         |     3 |    34 |    43 ||    80
Dodge: Dodged            |    37 |    64 |    58 ||   159
Block: Other             |       |       |     6 ||     6

Table legend: (Time is in decaauts)
 A = Elapsed time spent in this place.
 B = Non-inter-level travel time spent in this place.
 C = Inter-level travel time spent in this place.
 D = Time resting spent in this place.
 E = Time spent auto-exploring this place.
 F = Levels seen in this place.
 G = Mean time per level.
                   A        B        C        D        E       F      G
               +--------+--------+--------+--------+--------+-----+--------+
         Total |   5634 |   5526 |    108 |   1431 |   2826 |   6 |  939.0 |
       Dungeon |   5634 |   5526 |    108 |   1431 |   2826 |   6 |  939.0 |
               +--------+--------+--------+--------+--------+-----+--------+

Top non-repeatable levels by time:
     D:3: 1447 daAuts
     D:2: 1201 daAuts
     D:4: 1182 daAuts
     D:5: 946 daAuts
     D:1: 773 daAuts
     D:6: 83 daAuts
